 Dungeon Crawl Stone Soup version 0.31-a0-557-g6e16503903 (webtiles) character file.

Game seed: 12362063044150351585

2020 Shayle the Fighter (level 9, -4/95 (97) HPs)
             Began as an Ogre Shapeshifter on Aug 16, 2023.
             Was an Initiate of Ashenzari.
             Slain by Duvessa
             ... wielding a +0 rapier
              (12 damage)
             ... on level 6 of the Dungeon.
             The game lasted 00:17:33 (6257 turns).

Shayle the Fighter (Ogre Shapeshifter)              Turns: 6257, Time: 00:17:34

HP:   -4/95 (97)    AC:  4    Str: 21    XL:     9   Next: 23%
MP:   19/19         EV: 10    Int: 13    God:    Ashenzari [......]
Gold: 312           SH:  5    Dex: 15    Spells: 22/22 levels left

rFire   . . .        n - +2 mace (protect)
rCold   . . .        (no shield)
rNeg    . . .        a - +1 animal skin
rPois   .            (helmet currently unavailable)
rElec   .            (cloak currently unavailable)
rCorr   .            (gloves unavailable)
SInv    +            (boots unavailable)
Will    +....        s - amulet of reflection
Stlth   +            o - ring of see invisible
HPRegen 0.35/turn    u - +6 ring of dexterity
MPRegen 0.16/turn

%: reflection
@: brilliant, beast-form, enlightened, flying, lightly drained
A: beast (slay +2), large, unfitting armour, tough skin 1
a: Begin Untransformation, Renounce Religion


You were on level 6 of the Dungeon.
You worshipped Ashenzari.
Ashenzari was noncommittal.
You were a hulking beast.
You visited 2 branches of the dungeon, and saw 7 of its levels.

You collected 312 gold pieces.

Inventory:

Hand Weapons
 l - a +5 short sword of freezing
 n - a +2 mace of protection (weapon)
Missiles
 g - 2 throwing nets
 B - 3 curare-tipped darts (quivered)
Armour
 a - a +1 animal skin (worn)
Jewellery
 o - a ring of see invisible (left hand)
 s - an amulet of reflection (around neck)
 u - a +6 ring of dexterity (right hand)
 w - a +6 ring of intelligence
Talismans
 c - a beast talisman (active)
 d - a flux talisman
 z - a serpent talisman
Wands
 e - a wand of mindburst (15)
 y - a wand of flame (20)
Scrolls
 h - 2 scrolls of immolation {unknown}
 i - 2 scrolls of vulnerability
 k - 5 scrolls of teleportation
 p - 4 scrolls of fear
Potions
 b - 3 potions of lignification
 f - a potion of ambrosia
 j - a potion of haste
 m - 2 potions of resistance
 x - a potion of mutation {unknown}


   Skills:
 + Level 8.8 Fighting
 - Level 1.7 Dodging
 + Level 6.6 Unarmed Combat
 + Level 7.0 Spellcasting
 + Level 2.4 Air Magic
 - Level 3.0 Shapeshifting


You had 22 spell levels left.
You didn't know any spells.
Your spell library contained the following spells:

 Spells                   Type           Power      Damage    Failure   Level
 Shock                    Conj/Air       44%        1d5       10%         1
 Poisonous Vapours        Pois/Air       22%        N/A       14%         2
 Magic Dart               Conj           24%        1d4       16%         1
 Sting                    Tmut/Pois      24%        1d4       16%         1
 Swiftness                Air            16%        N/A       17%         3
 Searing Ray              Conj           12%        2d4       22%         2
 Airstrike                Air            8%         2d(2-18)  50%         4
 Fulminant Prism          Conj/Hex       3%         3d5       83%         4
 Olgreb's Toxic Radiance  Pois           6%         N/A       83%         4


Dungeon Overview and Level Annotations

Branches:
Dungeon (6/15)             Temple (1/1) D:6

Altars:
Ashenzari
Cheibriados
Dithmenos
Elyvilon
Kikubaaqudgha
Makhleb
Nemelex Xobeh
Okawaru
Qazlal
Ru
Sif Muna
Trog
Uskayaw
Wu Jian
Zin
The Shining One

Shops:
D:4 =

Annotations:
D:5 1 runed translucent door, Crazy Yiuf
D:6 Dowan, Duvessa
Temple 2 transporters


Innate Abilities, Weirdness & Mutations

You are a hulking beast.
Your limbs bulge with bestial killing power. (Slay +2)
You are too large for most types of armour.
You have tough skin. (AC +1)


Message History

Duvessa says, "My weaknesses are his strengths!"
Duvessa gestures with her weapon.
Duvessa hits you with a +0 rapier. Duvessa attacks as you move away!
Duvessa hits you with a +0 rapier. Duvessa hits you with a +0 rapier.
You barely miss Duvessa. Duvessa hits you with a +0 rapier! x2
You hit Duvessa but do no damage.
Your weapon exudes an aura of protection.
Duvessa says, "My weaknesses are his strengths!"
Duvessa hits you but does no damage. Duvessa hits you with a +0 rapier.
You barely miss Duvessa. Duvessa hits you with a +0 rapier.
You block Duvessa's attack.
You hit Duvessa but do no damage. Duvessa hits you but does no damage.
Duvessa barely misses you.
You hit Duvessa.
Duvessa is lightly wounded.
Duvessa hits you with a +0 rapier! Duvessa hits you with a +0 rapier.
You hit Duvessa.
Duvessa is moderately wounded.
Duvessa hits you with a +0 rapier! Duvessa hits you but does no damage. x2
Aiming: Quicksilver Bolt
Press: ? - help, Shift-Dir - straight line, f - Dowan
Aim: Dowan, wielding a +0 dagger and wearing a +2 robe of resistance (moderately wounded, 60% to hit)
The bolt of dispelling energy misses Duvessa.
The bolt of dispelling energy misses Dowan.
The now-empty wand crumbles to dust.
Duvessa hits you with a +0 rapier!
* * * LOW HITPOINT WARNING * * *
It was a potion of brilliance.
You feel clever all of a sudden. Duvessa hits you with a +0 rapier!
* * * LOW HITPOINT WARNING * * *
You block Duvessa's attack.
It was a potion of enlightenment.
You feel very buoyant.
You fly up into the air.
Duvessa hits you with a +0 rapier!
* * * LOW HITPOINT WARNING * * *
It was a potion of curing.
You feel better. Duvessa hits you with a +0 rapier!
* * * LOW HITPOINT WARNING * * *
Duvessa hits you with a +0 rapier!
You die...

....................#...# #..##.
....................##'#####..##.
.....[........#.##............##.
..........................#...###
..........#.###.....<.....##..# #
#...#...........#.#.#.###.###.# #
+............####.#.#.###.###.###
#...#........####.#.#.##........>
..............eeh................
#...#..####.#####...(.##.........
#...#..####.#####...#.##.........
...........................##.###
..............................#..
#...........#######...##.........
#.#.............###...##.........
#.#....#.#..###..................
#.#....#.#..# #..................


You could see Duvessa (fast) and Dowan.

Vanquished Creatures
  Sigmund (D:2)
  Edmund (D:5)
  2 black bears
  An ice beast (D:5)
  2 ogres
  2 necrophages (D:6)
  A gnoll sergeant (D:6)
  3 scorpions
  4 wights (D:6)
  A bullfrog zombie (D:6)
  2 centaur zombies (D:6)
  A jelly (D:6)
  3 hounds
  A human zombie (D:6)
  Jessica (D:3)
  An orc wizard (D:5)
  Ijyb (D:5)
  Natasha (twice) (D:2)
  4 iguanas
  A killer bee zombie (D:6)
  2 mummies
  8 gnolls
  4 adders
  2 ufetubi
  2 worms
  5 dart slugs
  10 orcs
  7 ball pythons
  7 endoplasms
  2 giant cockroaches
  8 hobgoblins
  A quokka (D:2)
  10 bats
  2 frilled lizards (D:2)
  10 goblins
  A hobgoblin zombie (D:5)
  8 kobolds
  3 orc zombies (D:5)
  3 rats
130 creatures vanquished.

Notes
Turn   | Place    | Note
-------+----------+-------------------------------------------
     0 | D:1      | Shayle the Ogre Shapeshifter began the quest for the Orb.
     0 | D:1      | Reached XP level 1. HP: 19/19 MP: 1/1
    79 | D:1      | Reached skill level 2 in Fighting
    79 | D:1      | Reached XP level 2. HP: 25/28 MP: 1/3
   222 | D:1      | Reached skill level 1 in Spellcasting
   487 | D:1      | Reached XP level 3. HP: 32/36 MP: 3/5
  1125 | D:2      | Noticed Sigmund
  1137 | D:2      | Killed Sigmund
  1138 | D:2      | Reached skill level 4 in Fighting
  1138 | D:2      | Reached XP level 4. HP: 28/48 MP: 5/8
  1138 | D:2      | Reached XP level 5. HP: 32/54 MP: 5/9
  1432 | D:2      | Noticed Natasha
  1438 | D:2      | Killed Natasha
  1439 | D:2      | Reached XP level 6. HP: 56/63 MP: 10/10
  1466 | D:2      | Found a shadowy altar of Dithmenos.
  1566 | D:2      | Noticed Natasha
  1576 | D:2      | Killed Natasha
  1901 | D:3      | Upgraded the game from 0.31-a0-544-gceb718ecc6 to
                  | 0.31-a0-557-g6e16503903
  2307 | D:3      | Noticed Jessica
  2315 | D:3      | Killed Jessica
  2316 | D:3      | Reached skill level 5 in Fighting
  2457 | D:3      | Found a white marble altar of Elyvilon.
  3015 | D:4      | Reached XP level 7. HP: 68/72 MP: 13/13
  3049 | D:4      | Reached skill level 6 in Fighting
  3190 | D:4      | Reached skill level 5 in Unarmed Combat
  3575 | D:4      | Found Wiblolio's Jewellery Shop.
  3817 | D:5      | Entered Level 5 of the Dungeon
  3817 | D:5      | Noticed Edmund
  3832 | D:5      | Killed Edmund
  3833 | D:5      | Reached skill level 5 in Spellcasting
  3869 | D:5      | Reached XP level 8. HP: 51/84 MP: 15/15
  4095 | D:5      | Reached skill level 7 in Fighting
  4431 | D:5      | Noticed Ijyb
  4436 | D:5      | Killed Ijyb
  4626 | D:5      | Found a runed translucent door.
  4631 | D:5      | Noticed Crazy Yiuf
  5197 | D:6      | Found a staircase to the Ecumenical Temple.
  5203 | Temple   | Found a transporter.
  5203 | Temple   | Found a transporter.
  5203 | Temple   | Found a transporter.
  5203 | Temple   | Found a transporter.
  5203 | Temple   | Entered the Ecumenical Temple
  5222 | Temple   | Became a worshipper of Ashenzari the Shackled
  5301 | D:6      | Reached skill level 8 in Fighting
  5410 | D:6      | Reached skill level 1 in Air Magic
  5751 | D:6      | Reached XP level 9. HP: 76/93 MP: 17/19
  5800 | D:6      | Found an ancient bone altar of Kikubaaqudgha.
  6064 | D:6      | Noticed Duvessa
  6064 | D:6      | Noticed Dowan
  6257 | D:6      | Slain by Duvessa

Illustrated notes

Levels and vault maps discovered:
D:1:      ncdulo_watergridlock, layout_basic
D:2:      layout_loops_corners, serial_forest, infiniplex_forest_lined_corner,
          infiniplex_forest_straight_2, infiniplex_forest_lined_2,
          infiniplex_forest_clump_curved, infiniplex_forest_clump_cross,
          infiniplex_forest_clump_C, infiniplex_forest_lined_room_2,
          infiniplex_forest_straight_4, infiniplex_forest_lined_room_2,
          infiniplex_forest_clump_C, basic_altar, uniq_natasha, uniq_sigmund
D:3:      layout_loops_ring, elyvilon_altar_4, minmay_goblin_kobold_house,
          uniq_jessica
D:4:      minmay_inner_zag, layout_loops_ring, serial_shops,
          nicolae_shop_rolling_square
D:5:      layout_rooms, nrook_pool_corridor, nrook_campfire,
          minmay_mini_ossuary, uniq_ijyb, uniq_edmund, uniq_crazy_yiuf_cottage
D:6:      dreamdust_elfheim, layout_basic, lemuel_mausoleum_altar_kikubaaqudgha,
          minmay_temple_entry_hall, biasface_ghost_orc_armoury
Temple:   hellmonk_temple_divided_pantheon

Skill      XL: |  1  2  3  4  5  6  7  8  9 |
---------------+----------------------------+-----
Fighting       | 2 4 5 6 8 |  8.8
Spellcasting   | 1 3 4 5 6 7 |  7.0
Unarmed Combat | 3 4 5 6 |  6.6
Air Magic      | 1 2 |  2.4
Dodging        | |  1.7
Shapeshifting  | |  3.0

Action                     |  1- 3 |  4- 6 |  7- 9 || total
---------------------------+-------+-------+-------++-------
  Melee: Unarmed           |    87 |       |       ||    87
         Punch             |     4 |     1 |    12 ||    17
         Mace              |       |   128 |   236 ||   364
  Throw: Dart              |       |       |     8 ||     8
  Evoke: Wand              |       |       |     9 ||     9
    Use: Scroll            |       |     5 |     8 ||    13
         Potion            |       |       |     3 ||     3
   Stab: Sleeping          |     1 |     1 |     1 ||     3
 Armour: Animal skin       |    25 |    42 |   139 ||   206
  Dodge: Dodged            |    50 |    53 |   143 ||   246
  Block: Other             |       |    16 |    82 ||    98

Table legend: (Time is in decaauts)
 A = Elapsed time spent in this place.
 B = Non-inter-level travel time spent in this place.
 C = Inter-level travel time spent in this place.
 D = Time resting spent in this place.
 E = Time spent auto-exploring this place.
 F = Levels seen in this place.
 G = Mean time per level.
                   A        B        C        D        E       F      G
               +--------+--------+--------+--------+--------+-----+--------+
         Total |   6413 |   6129 |    284 |    843 |   3772 |   7 |  916.1 |
       Dungeon |   6378 |   6094 |    284 |    843 |   3772 |   6 | 1063.0 |
        Temple |     34 |     34 |      0 |      0 |      0 |   1 |   34.0 |
               +--------+--------+--------+--------+--------+-----+--------+

Top non-repeatable levels by time:
     D:6: 1409 daAuts
     D:2: 1341 daAuts
     D:5: 1072 daAuts
     D:4: 992 daAuts
     D:3: 860 daAuts
     D:1: 702 daAuts
  Temple: 34 daAuts
